 Dungeon Crawl Stone Soup version 0.29-a0-378-gc08b2e8bf8 (webtiles) character file.

Game seed: 3440415888173985995

184 purpskrrrp the Chopper (level 5, -5/42 HPs)
             Began as a Hill Orc Wanderer on May 4, 2022.
             Was an Initiate of Beogh.
             Killed by an exploding scorpion (21 damage)
             ... ignited by their inner flame
             ... on level 4 of the Dungeon.
             The game lasted 00:20:55 (3818 turns).

purpskrrrp the Chopper (Hill Orc Wanderer)          Turns: 3818, Time: 00:20:55

Health: -5/42      AC:  6    Str: 16    XL:     5   Next: 64%
Magic:  6/6        EV: 11    Int: 14    God:    Beogh [......]
Gold:   113        SH:  4    Dex:  9    Spells: 5/6 levels left

rFire   . . .      SeeInvis .   f - +2 hand axe (freeze)
rCold   + . .      Faith    .   b - +0 buckler
rNeg    . . .      Spirit   .   x - +1 leather armour {rC+}
rPois   .          Reflect  .   s - +1 hat
rElec   .          Harm     .   h - +0 cloak
rCorr   .          Rampage  .   (no gloves)
Will    .....                   (no boots)
Stlth   +.........              (no amulet)
HPRegen 0.14/turn               (no ring)
MPRegen 0.10/turn               (no ring)

@: no status effects
A: no striking features
a: Renounce Religion


You were on level 4 of the Dungeon.
You worshipped Beogh.
Beogh was noncommittal.
You visited 1 branch of the dungeon, and saw 4 of its levels.

You collected 113 gold pieces.

Inventory:

Hand Weapons
 a - a +0 hand axe
 f - a +2 hand axe of freezing (weapon)
 l - a +0 dagger of protection
 r - a +0 war axe
 y - a +0 flail
Missiles
 m - 2 throwing nets
 p - 5 poisoned darts
Armour
 b - a +0 buckler (worn)
 d - a +0 robe
 e - a +0 leather armour of fire resistance
 g - a +0 ring mail
 h - a +0 cloak (worn)
 s - a +1 hat (worn)
 x - a +1 leather armour of cold resistance (worn)
 z - a +0 scale mail
Magical Staves
 i - a staff of earth
Jewellery
 t - a ring of ice
Potions
 c - 4 potions of attraction
 j - a potion of flight {unknown}
 k - 3 potions of curing
 n - a potion of ambrosia
 o - a potion of heal wounds {unknown}
 q - 2 potions of degeneration {unknown}
 u - a potion of magic {unknown}
 w - a potion of brilliance {unknown}


   Skills:
 + Level 2.7 Fighting
 + Level 4.6 Axes
 + Level 1.0 Throwing
 + Level 1.8 Armour
 + Level 1.2 Dodging
 + Level 0.1 Stealth
 + Level 2.8 Shields
 + Level 1.0 Spellcasting
 + Level 3.3 Conjurations


You had 5 spell levels left.
You knew the following spells:

 Your Spells              Type           Power      Damage    Failure   Level
a - Magic Dart            Conj           40%        1d5       11%         1

Your spell library contained the following spells:

 Spells                   Type           Power      Damage    Failure   Level
 Mephitic Cloud           Conj/Pois/Air  3%         N/A       63%         3
 Sticky Flame             Conj/Fire      5%         2d3       91%         4


Dungeon Overview and Level Annotations

Branches:
Dungeon (4/15)
 Temple: D:4-7

Altars:
Hepliaklqana

Shops:
D:1 (   D:2 *=


Message History

You are poisoned.
The scorpion poisons you!
The kobold hits you with a +0 short sword.
You slash the scorpion! You freeze the scorpion.
The scorpion is almost dead.
You closely miss the kobold.
You feel very sick. The scorpion stings you.
The kobold hits you with a +0 short sword.
The scorpion stings you.
You feel sick. You block the scorpion's attack. The gnoll barely misses you.
The scorpion attacks as you move away!
The scorpion stings you but does no damage.
The kobold attacks as you move away! The kobold misses you.
You feel sick.
As you read the scroll of immolation, it crumbles to dust.
The creatures around you are filled with an inner flame!
You feel sick.
The scorpion stings you but does no damage.
You block the gnoll's attack.
You feel sick. The scorpion closely misses you.
The gnoll attacks as you move away! The gnoll misses you.
The scorpion attacks as you move away!
The scorpion stings you but does no damage.
You feel sick. The gnoll attacks as you move away!
You block the gnoll's attack.
You feel sick. The gnoll attacks as you move away!
The gnoll completely misses you.
You feel sick.
You are no longer poisoned.
The gnoll attacks as you move away! You block the gnoll's attack.
The scorpion attacks as you move away!
The scorpion stings you but does no damage.
The scorpion barely misses you. The scorpion attacks as you move away!
The scorpion stings you.
You slash the scorpion! You freeze the scorpion. Beogh accepts your kill.
The scorpion explodes!
The fiery explosion engulfs you!!
Ouch! That really hurt!
You die...

....##).......# ....#......
...(.#........### .........
####)#..........## ......#
#..#.#...##......# .....#
'..#.#...........# #....#
####))...........####### #$...# .
†..#.............##....###....#..
#.##.............##....##........
####..###.......@##....##........
.....##.........§K....[.......##
.#######........§§§.......######
#............#.....#
#.....###....#.....# #...###
#....#.....# #...# #....#######
##### ######


You could see a kobold (inner flame).

Vanquished Creatures
  A scorpion (D:4)
  A hound (D:4)
  An orc wizard (D:3)
  2 gnolls (D:4)
  An adder (D:2)
  3 worms
  5 dart slugs
  2 orcs (D:3)
  9 ball pythons
  9 bats
  9 endoplasms
  A giant cockroach (D:1)
  8 goblins
  7 hobgoblins
  5 jackals
  7 kobolds
  A quokka (D:2)
  2 training dummies (D:4)
  5 frilled lizards
  5 rats
84 creatures vanquished.

Vanquished Creatures (others)
  An orc priest (D:4)
  An orc wizard (D:4)
  A gnoll (D:4)
  4 orcs (D:4)
  3 fungi
  2 plants (D:1)
12 creatures vanquished.

Grand Total: 96 creatures vanquished

Notes
Turn   | Place    | Note
-------+----------+-------------------------------------------
     0 | D:1      | purpskrrrp the Hill Orc Wanderer began the quest for the
                  | Orb.
     0 | D:1      | purpskrrrp set off with the following items: a +0 hand axe,
                  | a +0 buckler, a potion of attraction, a +0 robe; and the
                  | following spell memorised: Magic Dart; and the following
                  | spells available to memorise: Mephitic Cloud, Sticky Flame
     0 | D:1      | Reached XP level 1. HP: 16/16 MP: 2/2
     2 | D:1      | Noticed an elf
     2 | D:1      | Noticed a merfolk
     4 | D:1      | Noticed a human
     4 | D:1      | Noticed a vampire
     6 | D:1      | Noticed a demonspawn
     9 | D:1      | Noticed a spriggan
     9 | D:1      | Noticed an ogre
    11 | D:1      | Noticed a naga
    13 | D:1      | Noticed a tengu
    13 | D:1      | Noticed a draconian
    15 | D:1      | Noticed a vine stalker
    15 | D:1      | Noticed a felid
    17 | D:1      | Noticed a demigod
    17 | D:1      | Noticed a dwarf
    19 | D:1      | Noticed a troll
    21 | D:1      | Noticed a ghoul
    21 | D:1      | Noticed a formicid
    23 | D:1      | Noticed a gargoyle
    25 | D:1      | Noticed a minotaur
    25 | D:1      | Noticed an octopode
   265 | D:1      | Reached XP level 2. HP: 20/23 MP: 3/3
   478 | D:1      | Found Hybleucat's Antique Weapon Shop.
   636 | D:1      | Found a faded altar of an unknown god.
   869 | D:1      | Reached XP level 3. HP: 27/28 MP: 4/4
   881 | D:1      | Reached skill level 2 in Axes
   903 | D:1      | Found a hazy altar of Hepliaklqana.
  1293 | D:2      | Found Kamasoit's Jewellery Emporium.
  1412 | D:2      | Reached skill level 1 in Dodging
  1431 | D:2      | Found Sunakeun's Assorted Antiques.
  1539 | D:2      | Reached XP level 4. HP: 36/36 MP: 5/5
  1913 | D:2      | Reached skill level 3 in Axes
  2269 | D:3      | Reached XP level 5. HP: 9/42 MP: 6/6
  3520 | D:4      | Became a worshipper of Beogh the Brigand
  3543 | D:4      | Reached skill level 4 in Axes
  3818 | D:4      | Killed by an exploding scorpion... ignited by their inner
                  | flame

Illustrated notes

Levels and vault maps discovered:
D:1:      kb_arrival_jail, layout_rooms, shapermc_ecumenical_altar_ellora,
          serial_shops, shop, minmay_hexomino_r4
D:2:      layout_basic, serial_shops, nicolae_diamond_shop, nicolae_diamond_shop
D:3:      layout_basic
D:4:      dreamdust_elfheim, layout_basic,
          grunt_temple_overflow_forces_of_nature

Skill      XL: |  1  2  3  4  5 |
---------------+----------------+-----
Axes           | 2 3 4 |  4.6
Dodging        | 1 |  1.2
Fighting       | 2 |  2.7
Throwing       | |  1.0
Armour         | |  1.8
Stealth        | |  0.1
Shields        | |  2.8
Spellcasting   | |  1.0
Conjurations   | |  3.3

Action                   |  1- 3 |  4- 6 || total
-------------------------+-------+-------++-------
Melee: Hand axe          |   118 |   118 ||   236
Invok: Convert to Beogh  |       |     1 ||     1
  Use: Scroll            |     2 |     4 ||     6
       Potion            |       |     3 ||     3
Armor: Robe              |    19 |       ||    19
       Ring mail         |    36 |    40 ||    76
       Leather armour    |       |    14 ||    14
Dodge: Dodged            |    61 |    68 ||   129
Block: Buckler           |    28 |    15 ||    43

Table legend: (Time is in decaauts)
 A = Elapsed time spent in this place.
 B = Non-inter-level travel time spent in this place.
 C = Inter-level travel time spent in this place.
 D = Time resting spent in this place.
 E = Time spent auto-exploring this place.
 F = Levels seen in this place.
 G = Mean time per level.
                   A        B        C        D        E       F      G
               +--------+--------+--------+--------+--------+-----+--------+
         Total |   3851 |   3472 |    379 |    872 |   1935 |   4 |  962.8 |
       Dungeon |   3851 |   3472 |    379 |    872 |   1935 |   4 |  962.8 |
               +--------+--------+--------+--------+--------+-----+--------+

Top non-repeatable levels by time:
     D:1: 1314 daAuts
     D:3: 1280 daAuts
     D:2: 930 daAuts
     D:4: 325 daAuts
